 Dungeon Crawl Stone Soup version 0.23-a0-819-g6debee6 (webtiles) character file.

588 emperorscorpion the Slasher (level 7, -1/48 HPs)
             Began as a High Elf Fighter on Jan 21, 2019.
             Slain by Prince Ribbit (13 damage)
             ... on level 4 of the Dungeon on Jan 22, 2019.
             The game lasted 00:08:06 (4806 turns).

emperorscorpion the Slasher (High Elf Fighter)      Turns: 4806, Time: 00:08:06

Health: -1/48      AC:  9    Str: 19    XL:     7   Next: 15%
Magic:  8/8        EV:  8    Int: 13    God:
Gold:   248        SH: 10    Dex: 14    Spells: 6/6 levels left

rFire    x . .     SeeInvis .   a - +0 long sword
rCold    + + .     Gourm    .   c - +0 shield
rNeg     . . .     Faith    .   w - +0 ice dragon scales
rPois    .         Spirit   .   e - +2 helmet
rElec    .         Reflect  .   (no cloak)
rCorr    .         Harm     .   (no gloves)
MR       .....     Rnd*Rage +   (no boots)
Stlth    ..........             (no amulet)
HPRegen  0.16/turn              (no ring)
MPRegen  0.11/turn              (no ring)

@: no status effects
A: berserk 1, deformed body, strong 1
a: no special abilities


You were on level 4 of the Dungeon.
You were hungry.

You visited 1 branch of the dungeon, and saw 5 of its levels.

You collected 248 gold pieces.

Inventory:

Hand Weapons
 a - a +0 long sword (weapon)
 h - a +0 short sword
 p - a +0 blowgun
Missiles
 q - 33 poisoned needles
Armour
 b - a +0 scale mail
 c - a +0 shield (worn)
 e - a +2 helmet (worn)
 r - a +0 chain mail
 w - +0 ice dragon scales (worn)
Scrolls
 n - 2 scrolls of enchant armour
 o - a scroll of enchant weapon {unknown}
 t - a scroll of blinking {unknown}
 u - 2 scrolls of remove curse {unknown}
Potions
 i - a potion of magic
Comestibles
 f - 7 rations


   Skills:
 + Level 4.3 Fighting
 + Level 5.5 Long Blades
 + Level 3.8 Armour
 + Level 2.3 Dodging
 + Level 0.3 Stealth
 + Level 4.5 Shields


You had 6 spell levels left.
You didn't know any spells.
Your spell library was empty.

Dungeon Overview and Level Annotations

Branches:
Dungeon (5/15)
 Temple: D:4-7

Altars:

Annotations:
D:4 1 runed door, Prince Ribbit; Setanta's ghost, amateur TeWn
D:5 Sigmund


Innate Abilities, Weirdness & Mutations

You tend to lose your temper in combat.
Armour fits poorly on your strangely shaped body.
Your muscles are strong. (Str +2)


Message History

Prince Ribbit hops awkwardly around.
Prince Ribbit blinks!
Prince Ribbit blinks!
There is a stone staircase leading up here.
The crimson imp blinks!
Prince Ribbit barely misses you.
You riposte.
You miss Prince Ribbit.
Prince Ribbit is moderately wounded.
Prince Ribbit hits you.
You climb upwards.
Level annotation: 1 runed door, Setanta's ghost, amateur TeWn
There is a stone staircase leading down here.
You closely miss Prince Ribbit.
Prince Ribbit is moderately wounded.
You block Prince Ribbit's attack.
You barely miss Prince Ribbit.
Prince Ribbit is lightly wounded.
Prince Ribbit hits you.
* * * LOW HITPOINT WARNING * * *
Prince Ribbit hits you!
You die...

.'.................(......รท.....#
###.####'##...########..##..##.##
###.###..##...###...##..########
.........'.....#....#...(#
.........#.....#....#....#
#######..##...##....##..##
#...###..#######....#####
#..............'F....#
#..............#@....#
...............#.....#
#...###..##...#####'#####
#...###..#######....##..##
#.........>....#.........#
...............#.........#
.........###[.....#..#..##
#.####...##..############
#.####...##...#


You could see Prince Ribbit.

Vanquished Creatures
  A howler monkey (D:4)
  A hound (D:3)
  A bullfrog skeleton (D:5)
  3 orc wizards (D:4)
  An iguana (D:4)
  Terence (D:3)
  3 worker ants
  Natasha (thrice) (D:3)
  3 gnolls (D:2)
  8 adders
  3 oozes
  3 worms
  3 dart slugs
  6 leopard geckos
  7 orcs
  4 bats
  5 giant cockroaches
  10 goblins
  14 hobgoblins
  4 jackals (D:2)
  7 kobolds
  3 quokkas
  9 frilled lizards
  9 rats
112 creatures vanquished.

Notes
Turn   | Place    | Note
-------+----------+-------------------------------------------
     0 | D:1      | emperorscorpion the High Elf Fighter began the quest for
                  | the Orb.
     0 | D:1      | Reached XP level 1. HP: 16/16 MP: 2/2
    17 | D:1      | Upgraded the game from 0.23-a0-814-g91b4073 to
                  | 0.23-a0-819-g6debee6
    48 | D:1      | Reached XP level 2. HP: 10/21 MP: 3/3
   516 | D:1      | Reached XP level 3. HP: 25/26 MP: 4/4
   932 | D:2      | Reached skill level 3 in Long Blades
  1248 | D:2      | Reached XP level 4. HP: 31/31 MP: 5/5
  2241 | D:3      | Noticed Natasha
  2251 | D:3      | Killed Natasha
  2251 | D:3      | Reached skill level 4 in Long Blades
  2251 | D:3      | Reached XP level 5. HP: 27/37 MP: 6/6
  2449 | D:3      | Noticed Natasha
  2456 | D:3      | Killed Natasha
  2964 | D:3      | Noticed Terence
  2976 | D:3      | Killed Terence
  3041 | D:3      | Reached XP level 6. HP: 40/43 MP: 7/7
  3167 | D:3      | Noticed Natasha
  3177 | D:3      | Killed Natasha
  3177 | D:3      | Reached skill level 5 in Long Blades
  3413 | D:4      | Reached skill level 1 in Dodging
  3635 | D:4      | Found a runed door.
  3670 | D:4      | Noticed Setanta's ghost (amateur TeWn)
  4446 | D:5      | Entered Level 5 of the Dungeon
  4518 | D:5      | Reached XP level 7. HP: 43/48 MP: 8/8
  4549 | D:5      | Noticed Sigmund
  4553 | D:5      | Gained mutation: Armour fits poorly on your strangely
                  | shaped body. [potion of mutation]
  4553 | D:5      | Gained mutation: You tend to lose your temper in combat.
                  | [potion of mutation]
  4553 | D:5      | Gained mutation: Your muscles are strong. (Str +2) [potion
                  | of mutation]
  4782 | D:5      | Noticed Prince Ribbit
  4806 | D:4      | Slain by Prince Ribbit

Vault maps used:
D:1:      wander_arrival_desolate
D:2:      minivault_24
D:3:      minmay_misc_feat_enclosed, roderic_roman_lattice, uniq_natasha,
          uniq_terence
D:4:      gammafunk_ghost_grave, first_ration, item_on_display_a
D:5:      gammafunk_ghost_nasty_kobolds, uniq_sigmund, uniq_prince_ribbit1,
          uniq_edmund

Skill      XL: |  1  2  3  4  5  6 |
---------------+-------------------+-----
Armour         | 3 |  3.8
Shields        | 3 4 |  4.5
Long Blades    | 3 4 5 |  5.5
Dodging        | 2 |  2.3
Fighting       | 4 |  4.3
Stealth        | |  0.3

Action                   |  1- 3 |  4- 6 |  7- 9 || total
-------------------------+-------+-------+-------++-------
Melee: Long sword        |   162 |   326 |    15 ||   503
  Use: Potion            |       |       |     7 ||     7
       Scroll            |       |       |     4 ||     4
  Eat: Chunk             |     1 |    12 |       ||    13
Armor: Scale mail        |    78 |    44 |       ||   122
       Chain mail        |       |    36 |       ||    36
       Ice dragon scales |       |    77 |     8 ||    85
Dodge: Dodged            |    34 |    67 |     9 ||   110
Block: Shield            |    77 |   157 |     8 ||   242
       Rpst.: Long sword |     7 |    20 |     5 ||    32

Table legend:
 A = Non-vault XP
 B = Vault XP
 C = Vault XP percentage of total XP
 D = Non-vault monster count
 E = Vault monster count
 F = Vault count percentage of total count
                 A         B        C        D         E       F
            +---------+---------+-------+---------+---------+-------
      Total |     771 |      69 |   8.2 |     110 |       2 |   1.8
            +---------+---------+-------+---------+---------+-------
        D:1 |      51 |       0 |   0.0 |      30 |       0 |   0.0
        D:2 |     127 |       0 |   0.0 |      27 |       0 |   0.0
        D:3 |     168 |      69 |  29.1 |      27 |       2 |   6.9
        D:4 |     319 |       0 |   0.0 |      21 |       0 |   0.0
        D:5 |     106 |       0 |   0.0 |       5 |       0 |   0.0
            +---------+---------+-------+---------+---------+-------
